 Dungeon Crawl Stone Soup version 0.20.0-15-g7f486f2 (webtiles) character file.

288 Hasart the Magician (level 6, 0/41 HPs)
             Began as a Demonspawn Wizard on June 12, 2017.
             Was a Follower of Sif Muna.
             Slain by Grinder (8 damage)
             ... on level 3 of the Dungeon.
             The game lasted 00:13:38 (2993 turns).

Hasart the Magician (Demonspawn Wizard)             Turns: 2993, Time: 00:13:38

Health: 0/41       AC:  5    Str:  8    XL:     6   Next: 9%
Magic:  12/12      EV: 12    Int: 21    God:    Sif Muna [*.....]
Gold:   32         SH:  0    Dex: 14    Spells: 5/13 levels left

rFire    . . .     SeeInvis .   i - +2 short sword (elec)
rCold    . . .     Gourm    .   (no shield)
rNeg     . . .     Faith    .   a - +0 robe
rPois    .         Spirit   .   n - +0 helmet
rElec    .         Reflect  .   (no cloak)
rCorr    .         Harm     .   (no gloves)
MR       .....                  (no boots)
Stlth    ++........             (no amulet)
Regen    0.2/turn               f - +3 ring of dexterity
MPRegen  0.2/turn               (no ring)

@: no status effects
A: yellow scales 1, powered by death 2, rot immunity
a: Divine Energy, Renounce Religion


You were on level 3 of the Dungeon.
You worshipped Sif Muna.
Sif Muna was aware of your devotion.
You were not hungry.

You visited 1 branch of the dungeon, and saw 3 of its levels.

You collected 32 gold pieces.

Inventory:

Hand Weapons
 i - a +2 short sword of electrocution (weapon)
Armour
 a - a +0 robe (worn)
 n - a +0 helmet (worn)
Jewellery
 f - a +3 ring of dexterity (left hand)
Scrolls
 b - a scroll of fog {unknown}
 g - a scroll of immolation {unknown}
 h - 3 scrolls of remove curse {unknown}
 l - a scroll of enchant weapon {unknown}
 m - a scroll of noise {unknown}
 o - a scroll of amnesia {unknown}
 q - a scroll of enchant armour {unknown}
 t - a scroll of identify {unknown}
Potions
 e - a potion of mutation {unknown}
 j - a potion of haste {unknown}
 k - a potion of curing
 p - a potion of berserk rage {unknown}
 r - 2 potions of ambrosia {unknown}
 s - a potion of resistance {unknown}
Books
 c - a book of Minor Magic

   Spells                             Type                      Level
   a - Magic Dart                     Conjuration                  1
   b - Blink                          Translocation                2
   c - Call Imp                       Summoning                    2
   d - Slow                           Hexes                        2
   e - Conjure Flame                  Conjuration/Fire             3
   f - Mephitic Cloud                 Conjuration/Poison/Air       3
Comestibles
 d - 2 bread rations


   Skills:
 - Level 1.7 Dodging
 - Level 1.7 Stealth
 + Level 4.0 Spellcasting
 * Level 3.8 Conjurations
 + Level 2.2 Summonings
 - Level 0.8 Translocations
 + Level 1.5 Air Magic
 + Level 1.7 Poison Magic


You had 5 spell levels left.
You knew the following spells:

 Your Spells              Type           Power        Failure   Level  Hunger
a - Magic Dart            Conj           ###.         2%          1    None
b - Blink                 Tloc           N/A          13%         2    #......
c - Call Imp              Summ           ##......     7%          2    #......
d - Mephitic Cloud        Conj/Pois/Air  ##......     14%         3    ###....


Dungeon Overview and Level Annotations

Branches:
Dungeon (3/15)

Altars:
Sif Muna

Annotations:
D:3 Grinder


Innate Abilities, Weirdness & Mutations

You are partially covered in yellow scales. (AC +2)
You regenerate health from kills.
You are immune to rotting.


Message History

Grinder shouts!
Grinder blinks!
Grinder gestures at you. Pain shoots through your body!
Grinder barely misses you.
You hit Grinder. Lightning courses through Grinder!
Grinder is moderately wounded.
Grinder gestures at you. Pain shoots through your body!
You hit Grinder but do no damage. Lightning courses through Grinder!
Grinder is severely wounded.
Grinder hits you.
You barely miss Grinder.
Grinder is severely wounded.
Grinder hits you.
You writhe in agony.
* * * LOW HITPOINT WARNING * * *
You barely miss Grinder.
Grinder is severely wounded.
Grinder hits you!
You die...

## #..#### .. #......
#.##### #####.# #
#.....# # ###.#####
#.########.....#
#........#....>#######
###.@................
#5###.#.....######.
#.# #.#.†[..# #. #.#
#.###.### . #.# #.#
#.# #. #.# #.# #.# ##
#.# #.# #.# #
#.###.###.# ####
#.........# #...


You could see Grinder.

Vanquished Creatures
  Jessica (D:2)
  Terence (D:2)
  Natasha (twice) (D:3)
  Robin (D:3)
  8 gnolls
  2 adders (D:2)
  3 oozes (D:3)
  4 worms
  2 dart slugs
  3 orcs (D:3)
  6 bats
  5 giant cockroaches
  10 goblins
  6 hobgoblins
  A quokka (D:2)
  3 ball pythons
  2 frilled lizards
  9 kobolds
  5 rats
  A plant (D:1)
75 creatures vanquished.

Notes
Turn   | Place    | Note
-------+----------+-------------------------------------------
     0 | D:1      | Hasart the Demonspawn Wizard began the quest for the Orb.
     0 | D:1      | Reached XP level 1. HP: 13/13 MP: 4/4
   274 | D:1      | Gained mutation: You regenerate a little health from kills. [demonic ancestry]
   274 | D:1      | Reached XP level 2. HP: 17/19 MP: 3/6
   561 | D:1      | Reached XP level 3. HP: 24/24 MP: 2/7
   927 | D:2      | Noticed Jessica
   934 | D:2      | Killed Jessica
  1007 | D:2      | Found a deep blue altar of Sif Muna.
  1019 | D:2      | Became a worshipper of Sif Muna the Loreminder
  1028 | D:2      | Gained mutation: You are partially covered in yellow scales. (AC +2) [demonic ancestry]
  1028 | D:2      | Reached XP level 4. HP: 30/30 MP: 4/9
  1032 | D:2      | Learned a level 2 spell: Blink
  1035 | D:2      | Learned a level 2 spell: Call Imp
  1039 | D:2      | Learned a level 3 spell: Mephitic Cloud
  1167 | D:2      | Noticed Terence
  1184 | D:2      | Killed Terence
  1557 | D:2      | Reached skill level 1 in Poison Magic
  1677 | D:2      | Gained mutation: You regenerate health from kills. [demonic ancestry]
  1677 | D:2      | Reached XP level 5. HP: 30/35 MP: 3/10
  2220 | D:3      | Noticed Robin
  2229 | D:3      | Killed Robin
  2326 | D:3      | Reached skill level 1 in Air Magic
  2803 | D:3      | Noticed Natasha
  2807 | D:3      | Killed Natasha
  2807 | D:3      | Reached * piety under Sif Muna
  2807 | D:3      | Reached skill level 4 in Spellcasting
  2821 | D:3      | Noticed Natasha
  2830 | D:3      | Killed Natasha
  2830 | D:3      | Gained mutation: You are immune to rotting. [demonic ancestry]
  2830 | D:3      | Reached XP level 6. HP: 32/41 MP: 3/12
  2984 | D:3      | Noticed Grinder
  2993 | D:3      | Slain by Grinder

Skill      XL: |  1  2  3  4  5 |
---------------+----------------+-----
Conjurations   | 2 3 |  3.8
Poison Magic   | 1 |  1.7
Air Magic      | 1 |  1.5
Summonings     | 2 |  2.2
Spellcasting   | 4 |  4.0
Dodging        | |  1.7
Stealth        | |  1.7
Translocations | |  0.8

Action                   |  1- 3 |  4- 6 || total
-------------------------+-------+-------++-------
Melee: Unarmed           |     5 |       ||     5
       Short sword       |    19 |   100 ||   119
 Cast: Magic Dart        |    48 |    78 ||   126
       Call Imp          |       |     5 ||     5
       Mephitic Cloud    |       |     5 ||     5
 Stab: Sleeping          |     1 |     4 ||     5
       Confused          |       |     1 ||     1
  Eat: Chunk             |       |     7 ||     7
Armor: Robe              |     4 |    16 ||    20
Dodge: Dodged            |    16 |    42 ||    58
